 Dungeon Crawl Stone Soup version 0.23.1-37-gaa34b87b72 (webtiles) character file.

Game seed: 14726525053331956646

172 Lusmu the Poker (level 5, -13/41 HPs)
             Began as a Demonspawn Gladiator on Mar 26, 2019.
             Killed from afar by a steam dragon (16 damage)
             ... with a ball of steam
             ... on level 3 of the Dungeon.
             The game lasted 00:08:14 (2852 turns).

Lusmu the Poker (Demonspawn Gladiator)              Turns: 2852, Time: 00:08:15

Health: -13/41     AC:  3    Str: 15    XL:     5   Next: 27%
Magic:  0/5        EV: 12    Int: 10    God:
Gold:   145        SH:  0    Dex: 14    Spells: 4/4 levels left

rFire    . . .     SeeInvis .   a - +0 trident
rCold    . . .     Gourm    .   (no shield)
rNeg     . . .     Faith    .   b - +0 leather armour
rPois    .         Spirit   +   (helmet restricted)
rElec    .         Reflect  .   (no cloak)
rCorr    .         Harm     .   (no gloves)
MR       +....                  (no boots)
Stlth    ++........             (no amulet)
HPRegen  0.13/turn              i - ring of protection from magic
MPRegen  0.09/turn              p - ring of flight (curse)

@: about to teleport
A: horns 1, talons 1, blurry vision 1, wild magic 1, magic shield, MP-powered
wands
a: Evoke Flight


You were on level 3 of the Dungeon.
You were not hungry.

You visited 1 branch of the dungeon, and saw 3 of its levels.

You collected 145 gold pieces.

Inventory:

Hand Weapons
 a - a +0 trident (weapon)
 q - a +0 blowgun
Missiles
 c - 39 poisoned needles
 d - 3 throwing nets (quivered)
 s - 3 javelins of penetration
Armour
 b - a +0 leather armour (worn)
 g - a +0 helmet
 t - a +0 cloak
Jewellery
 i - a ring of protection from magic (left hand)
 j - an uncursed ring of see invisible
 p - a cursed ring of flight (right hand)
Scrolls
 k - 3 scrolls of remove curse
 l - 2 scrolls of fog
 m - a scroll of amnesia
 o - a scroll of teleportation
Potions
 e - a potion of heal wounds
 n - a potion of cancellation {unknown}
 r - a potion of flight {unknown}
Comestibles
 f - 11 rations
 h - 7 chunks of flesh


   Skills:
 + Level 3.5 Fighting
 + Level 3.8 Polearms
 - Level 1.7 Throwing
 - Level 2.6 Dodging
 + Level 2.6 Stealth


You had 4 spell levels left.
You didn't know any spells.
Your spell library was empty.

Dungeon Overview and Level Annotations

Branches:
Dungeon (3/15)

Altars:
Cheibriados
Elyvilon
Gozag
Xom
The Shining One


Innate Abilities, Weirdness & Mutations

You have sharp toenails.
When hurt, damage is shared between your health and your magic reserves.
You have a pair of small horns on your head.
Scrolls take you a little longer to read.
Your spells are a little harder to cast, but a little more powerful.
You expend magic power (3 MP) to strengthen your wands.


Message History

[Y]es or [N]o only, please.
Really read with blurry vision while enemies are nearby?
Okay, then.
Unknown command.
Really read with blurry vision while enemies are nearby?
You begin reading the scroll.
You continue reading the scroll.
The steam dragon breathes steam at you. The ball of steam hits you!!
* * * LOW HITPOINT WARNING * * *
As you read the scroll of fog, it crumbles to dust.
The scroll dissolves into smoke.
Okay, then.
Okay, then.
You begin reading the scroll.
You continue reading the scroll.
As you read the scroll of teleportation, it crumbles to dust.
You feel strangely unstable.
Okay, then.
The steam dragon breathes steam at you. The ball of steam hits you!
You die...

..........######
#########...)†.##
## ######..## .##
##).######## ..#
##........###
#.######
#######....#
#......##########
#÷...#
...###......#§§§##
#....#
##..........§.§§@##
#>(..#
#####........D§§§#
#....#
#.......§§§§§##
#....#
#........§§§..#
#....# #
##........§§#.#
#<...# #
##....#...##.#
###### # ###..#####
.. # #.## #. # #.#
#.


You could see a steam dragon.

Vanquished Creatures
  A howler monkey (D:3)
  An orc priest (D:3)
  An adder (D:2)
  An ooze (D:1)
  A worm (D:3)
  A dart slug (D:2)
  4 leopard geckos
  7 orcs (D:3)
  9 bats
  5 goblins
  5 hobgoblins
  10 jackals
  2 quokkas (D:3)
  3 ball pythons
  7 frilled lizards
  9 kobolds
  7 rats
74 creatures vanquished.

Notes
Turn   | Place    | Note
-------+----------+-------------------------------------------
     0 | D:1      | Lusmu the Demonspawn Gladiator began the quest for the Orb.
     0 | D:1      | Reached XP level 1. HP: 16/16 MP: 1/1
    55 | D:1      | Gained mutation: When hurt, damage is shared between your
                  | health and your magic reserves. [demonic ancestry]
    55 | D:1      | Reached XP level 2. HP: 20/22 MP: 2/2
   329 | D:1      | Reached skill level 1 in Stealth
   539 | D:1      | Reached XP level 3. HP: 17/28 MP: 1/3
  1420 | D:2      | Found a white marble altar of Elyvilon.
  1551 | D:2      | Found a shimmering altar of Xom.
  1553 | D:2      | Found an opulent altar of Gozag.
  1602 | D:2      | Gained mutation: You passively map a small area around you.
                  | [potion of mutation]
  1602 | D:2      | Gained mutation: Your mind is acute. (Int +2) [potion of
                  | mutation]
  1602 | D:2      | Lost mutation: You passively map a small area around you.
                  | [potion of mutation]
  1602 | D:2      | Gained mutation: Your muscles are strong. (Str +2) [potion
                  | of mutation]
  1897 | D:2      | Reached XP level 4. HP: 21/34 MP: 2/4
  2121 | D:2      | Found a snail-covered altar of Cheibriados.
  2295 | D:2      | Found a glowing golden altar of the Shining One.
  2448 | D:3      | Lost mutation: Your mind is acute. (Int +2) [potion of
                  | mutation]
  2448 | D:3      | Lost mutation: Your muscles are strong. (Str +2) [potion of
                  | mutation]
  2448 | D:3      | Gained mutation: Your spells are a little harder to cast,
                  | but a little more powerful. [potion of mutation]
  2448 | D:3      | Gained mutation: You expend magic power (3 MP) to
                  | strengthen your wands. [potion of mutation]
  2448 | D:3      | Gained mutation: Scrolls take you a little longer to read.
                  | [potion of mutation]
  2448 | D:3      | Gained mutation: You have a pair of small horns on your
                  | head. [potion of mutation]
  2621 | D:3      | HP: 1/35 [orc/+0 club (2)]
  2756 | D:3      | Gained mutation: You have sharp toenails. [demonic
                  | ancestry]
  2756 | D:3      | Reached XP level 5. HP: 26/41 MP: 3/5
  2835 | D:3      | Noticed a steam dragon
  2847 | D:3      | HP: 2/41 [something/ball of steam (15)]
  2852 | D:3      | Killed from afar by a steam dragon

Skill      XL: |  1  2  3  4 |
---------------+-------------+-----
Stealth        | 1 2 |  2.6
Polearms       | 3 |  3.8
Fighting       | 3 |  3.5
Throwing       | |  1.7
Dodging        | |  2.6

Action                   |  1- 3 |  4- 6 || total
-------------------------+-------+-------++-------
Melee: Trident           |   164 |    78 ||   242
       Headbutt          |       |     6 ||     6
       Kick              |       |     3 ||     3
  Use: Scroll            |     6 |     4 ||    10
       Potion            |     1 |     3 ||     4
 Stab: Distracted        |       |     1 ||     1
  Eat: Chunk             |     3 |     3 ||     6
Armor: Leather armour    |    66 |    30 ||    96
Dodge: Dodged            |   128 |    66 ||   194
